 Dungeon Crawl Stone Soup version 0.21-a0-624-g16f8e2c (webtiles) character file.

112 TheGoonsmith the Magician (level 4, -1/24 HPs)
             Began as a Deep Elf Fire Elementalist on Dec 23, 2017.
             Was an Initiate of Sif Muna.
             Killed from afar by Ijyb (11 damage)
             ... with a wand of flame (14)
             ... on level 3 of the Dungeon.
             The game lasted 00:03:26 (2082 turns).

TheGoonsmith the Magician (DEFE)                    Turns: 2082, Time: 00:03:27

Health: -1/24      AC:  3    Str:  5    XL:     4   Next: 64%
Magic:  2/12       EV: 13    Int: 20    God:    Sif Muna [......]
Gold:   83         SH:  0    Dex: 16    Spells: 4/12 levels left

rFire    . . .     SeeInvis .   (no weapon)
rCold    . . .     Gourm    .   (no shield)
rNeg     . . .     Faith    .   a - +0 robe
rPois    .         Spirit   .   (no helmet)
rElec    .         Reflect  .   (no cloak)
rCorr    .         Harm     .   l - +0 pair of gloves
MR       .....                  (no boots)
Stlth    ++........             (no amulet)
HPRegen  0.08/turn              (no ring)
MPRegen  0.13/turn              (no ring)

@: very slightly contaminated
A: no striking features
a: Renounce Religion


You were on level 3 of the Dungeon.
You worshipped Sif Muna.
Sif Muna was noncommittal.
You were very hungry.

You visited 1 branch of the dungeon, and saw 3 of its levels.

You collected 83 gold pieces.

Inventory:

Armour
 a - a +0 robe (worn)
 l - a +0 pair of gloves (worn)
Wands
 k - a wand of iceblast (5)
Scrolls
 d - 4 scrolls of identify {unknown}
 e - a scroll of enchant weapon {unknown}
Potions
 f - 2 potions of lignification {unknown}
 g - a potion of agility
 h - 2 potions of mutation {unknown}
 i - a potion of ambrosia {unknown}
 j - a potion of heal wounds {unknown}
 m - a potion of berserk rage {unknown}
Books
 b - a book of Flames

   Spells                             Type                      Level
   a - Flame Tongue                   Conjuration/Fire             1
   b - Throw Flame                    Conjuration/Fire             2
   c - Conjure Flame                  Conjuration/Fire             3
   d - Inner Flame                    Hexes/Fire                   3
   e - Sticky Flame                   Conjuration/Fire             4
   f - Fireball                       Conjuration/Fire             5
Comestibles
 c - 5 rations


   Skills:
 - Level 2.4 Dodging
 - Level 2.4 Stealth
 + Level 4.5 Spellcasting
 + Level 3.0 Conjurations
 + Level 4.3 Fire Magic


You had 4 spell levels left.
You knew the following spells:

 Your Spells              Type           Power        Failure   Level  Hunger
a - Flame Tongue          Conj/Fire      ###..        2%          1    None
c - Conjure Flame         Conj/Fire      ###.....     8%          3    ##.....
s - Sticky Flame          Conj/Fire      ###.....     26%         4    ####...


Dungeon Overview and Level Annotations

Branches:
Dungeon (3/15)

Altars:
Elyvilon
Hepliaklqana
Kikubaaqudgha
Makhleb
Sif Muna
Uskayaw
Xom

Annotations:
D:3 Ijyb


Message History

The flame tongue hits Ijyb.
Ijyb is severely wounded.
Ijyb misses you.
Casting: Flame Tongue
Confirm with . or Enter, or press ? or * to list all spells.
You don't have enough magic to cast that spell.
Okay, then.
Ijyb grins evilly.
Ijyb zaps a wand.
The puff of flame misses you.
Ijyb screams, "Level is mine!
All mine!"
Ijyb zaps a wand.
The puff of flame misses you.
The frilled lizard hisses.
Ijyb zaps a wand.
The puff of flame hits you!
Ijyb is no longer unusually agile.
Found a scroll labeled SAGADYONEA.
Found a stone staircase leading down.
Found a stone staircase leading up.
There is a stone staircase leading down here.
You see here a scroll labeled SAGADYONEA.
Ijyb zaps a wand.
The puff of flame hits you!
You die...

#.......##.#.#
#.....#
##########l..#
#..####
######.g###
#.)####
........>..#
#......
#######..#.#
###..รท###
#.?#.#
#.......< #..#
# #.#...#.#
#..# #.#...#.#
#.@# # #...#.#
##.# #...#.#
#.# #...#.#
#.# #......
..# #.#.#..
### #.#.###


You could see Ijyb and a frilled lizard.

Vanquished Creatures
  4 gnolls (D:3)
  3 adders (D:2)
  An ooze (D:2)
  2 dart slugs (D:1)
  7 bats
  A giant cockroach (D:1)
  3 hobgoblins
  3 jackals (D:3)
  2 ball pythons
  5 frilled lizards
  2 goblins
  3 kobolds
  10 rats
46 creatures vanquished.

Notes
Turn   | Place    | Note
-------+----------+-------------------------------------------
     0 | D:1      | TheGoonsmith the Deep Elf Fire Elementalist began the quest for the Orb.
     0 | D:1      | Reached XP level 1. HP: 10/10 MP: 6/6
   403 | D:1      | Reached XP level 2. HP: 15/15 MP: 6/8
   906 | D:2      | Found a hide-covered altar of Uskayaw.
   906 | D:2      | Found a deep blue altar of Sif Muna.
   911 | D:2      | Reached XP level 3. HP: 19/19 MP: 6/10
   914 | D:2      | Found a white marble altar of Elyvilon.
   916 | D:2      | Found an ancient bone altar of Kikubaaqudgha.
   917 | D:2      | Found a shimmering altar of Xom.
  1120 | D:2      | Became a worshipper of Sif Muna the Loreminder
  1502 | D:2      | Found a hazy altar of Hepliaklqana.
  1502 | D:2      | Found a burning altar of Makhleb.
  1751 | D:3      | Reached XP level 4. HP: 24/24 MP: 6/12
  1758 | D:3      | Learned a level 4 spell: Sticky Flame
  1762 | D:3      | Learned a level 3 spell: Conjure Flame
  2036 | D:3      | Noticed Ijyb
  2082 | D:3      | Killed from afar by Ijyb

Vault maps used:
D:1:      lightli_arrival_windingriver
D:2:      chequers_temple_overflow_minitemple, amethyst_overflow_temple_binary,
          minmay_misc_feat_encased
D:3:      uniq_natasha, uniq_ijyb

Skill      XL: |  1  2  3  4 |
---------------+-------------+-----
Conjurations   | 2 3 |  3.0
Spellcasting   | 4 |  4.5
Fire Magic     | 4 |  4.3
Dodging        | |  2.4
Stealth        | |  2.4

Action                   |  1- 3 |  4- 6 || total
-------------------------+-------+-------++-------
Melee: Unarmed           |     1 |       ||     1
 Cast: Flame Tongue      |    65 |    33 ||    98
  Eat: Chunk             |     2 |       ||     2
Armor: Robe              |     5 |     5 ||    10
Dodge: Dodged            |    11 |    29 ||    40

Table legend:
 A = Spawn XP
 B = Non-spawn XP
 C = Spawn XP percentage of total XP
 D = Spawn monster count
 E = Non-spawn monster count
 F = Spawn count percentage of total count
 G = Total turns spent on level
                    A         B        C        D         E        F      G
               +---------+---------+-------+---------+---------+-------+---------
         Total |       0 |     161 |   0.0 |       0 |      46 |   0.0 |  2082
               +---------+---------+-------+---------+---------+-------+---------
           D:1 |       0 |      28 |   0.0 |       0 |      18 |   0.0 |   890
           D:2 |       0 |      62 |   0.0 |       0 |      17 |   0.0 |   830
           D:3 |       0 |      71 |   0.0 |       0 |      11 |   0.0 |   362
               +---------+---------+-------+---------+---------+-------+---------
